 Seeded DCSS version 0.29.1-15-g9cfb28693d (webtiles) character file.

Game seed: 6320845443627075161 (custom seed)

68 Psyclone the Firebug (level 4, 0/24 HPs)
             Began as a Deep Elf Fire Elementalist on Sept 23, 2023.
             Killed from afar by an orc wizard (12 damage)
             ... with a puff of flame
             ... on level 3 of the Dungeon.
             The game lasted 00:02:48 (1827 turns).

Psyclone the Firebug (Deep Elf Fire Elementalist)   Turns: 1827, Time: 00:02:48

Health: 0/24       AC:  3    Str:  5    XL:     4   Next: 1%
Magic:  7/10       EV: 12    Int: 22    God:
Gold:   138        SH:  0    Dex: 15    Spells: 3/9 levels left

rFire   . . .      SeeInvis .   a - +3 short sword
rCold   . . .      Faith    .   (no shield)
rNeg    . . .      Spirit   .   c - +0 robe
rPois   .          Reflect  .   l - +1 hat {Stlth+}
rElec   .          Harm     .   (no cloak)
rCorr   .          Rampage  .   (no gloves)
Will    .....                   (no boots)
Stlth   +++.......              (no amulet)
HPRegen 0.08/turn               (no ring)
MPRegen 0.12/turn               (no ring)

@: no status effects
A: no striking features
a: no special abilities


You were on level 3 of the Dungeon.
You visited 1 branch of the dungeon, and saw 3 of its levels.

You collected 138 gold pieces.

Inventory:

Hand Weapons
 a - a +3 short sword (weapon)
 t - a +0 dagger
Armour
 c - a +0 robe (worn)
 l - a +1 hat of stealth (worn)
Magical Staves
 h - a staff of air
Jewellery
 n - a ring of magical power
Wands
 p - a wand of flame (13)
Scrolls
 d - 2 scrolls of teleportation {unknown}
 g - 2 scrolls of magic mapping {unknown}
 k - a scroll of vulnerability {unknown}
 o - 2 scrolls of identify {unknown}
 q - a scroll of acquirement {unknown}
 r - a scroll of blinking {unknown}
Potions
 b - a potion of magic
 e - 2 potions of curing {unknown}
 f - a potion of haste {unknown}
 i - a potion of resistance {unknown}
 j - 2 potions of brilliance {unknown}
 m - 2 potions of flight {unknown}
 s - a potion of might {unknown}


   Skills:
 - Level 2.4 Dodging
 - Level 2.4 Stealth
 - Level 3.0 Spellcasting
 - Level 1.1 Conjurations
 + Level 5.4 Fire Magic


You had 3 spell levels left.
You knew the following spells:

 Your Spells              Type           Power      Damage    Failure   Level
a - Foxfire               Conj/Fire      68%        2x1d7     3%          1
b - Scorch                Fire           54%        2d8       1%          2
c - Conjure Flame         Conj/Fire      17%        6-21      10%         3

Your spell library contained the following spells:

 Spells                   Type           Power      Damage    Failure   Level
 Freeze                   Ice            12%        1d4       12%         1
 Inner Flame              Hex/Fire       15%        N/A       12%         3
 Frozen Ramparts          Ice            6%         1d1       36%         3
 Flame Wave               Conj/Fire      17%        2d7       32%         4
 Hailstorm                Conj/Ice       5%         3d4       69%         4


Dungeon Overview and Level Annotations

Branches:
Dungeon (3/15) Zot: 16172

Altars:
Wu Jian

Shops:
D:2 :


Message History

You now have 9/10 mp.
The orc wizard shouts!
The foxfire hits the orc wizard.
The orc wizard is moderately wounded.
Casting: Foxfire (safe; 3% risk of failure)
Confirm with . or Enter, or press ? or * to list all spells.
You conjure some foxfire!
Your foxfire dissipates!
An orc comes into view. It is wielding a +0 hand axe.
You now have 8/10 mp.
The foxfire hits the orc wizard.
The orc wizard is heavily wounded.
Casting: Foxfire (safe; 3% risk of failure)
Confirm with . or Enter, or press ? or * to list all spells.
You conjure some foxfire!
An orc wizard comes into view. It is wielding a +0 dagger.
You now have 7/10 mp.
The foxfire hits the orc wizard.
The orc wizard is severely wounded.
The orc wizard points at you and mumbles some strange words.
The puff of flame hits you!
You take 8 damage, and have 16/24 hp.
MASSIVE DAMAGE!!
Casting: Foxfire (safe; 3% risk of failure)
Confirm with . or Enter, or press ? or * to list all spells.
You conjure some foxfire!
The foxfire hits the orc wizard.
The orc wizard is almost dead.
Casting: Foxfire (safe; 3% risk of failure)
Confirm with . or Enter, or press ? or * to list all spells.
There is not enough space to conjure foxfire!
Your foxfire dissipates!
The orc wizard casts a spell at you. The puff of flame hits you.
You take 4 damage, and have 12/24 hp.
The orc wizard points at you and mumbles some strange words.
You resist with some effort. The orc wizard casts a spell at you.
The puff of flame hits you!
Ouch! That really hurt!
You die...

##.###.## #.##
##.# ##.###.##
##.#.## #..##
#.## #.#
############.#
#.(o.o.o...@.#
..############
# . #


You could see 2 orc wizards.

Vanquished Creatures
  An orc priest (D:3)
  An adder (D:2)
  2 dart slugs (D:2)
  3 orcs (D:3)
  5 ball pythons
  3 goblins
  5 bats
  A frilled lizard (D:3)
  3 kobolds (D:3)
  2 rats
26 creatures vanquished.

Vanquished Creatures (collateral kills)
  A foxfire (D:3)
1 creature vanquished.

Vanquished Creatures (others)
  82 foxfires
82 creatures vanquished.

Grand Total: 109 creatures vanquished

Notes
Turn   | Place    | Note
-------+----------+-------------------------------------------
     0 | D:1      | Psyclone the Deep Elf Fire Elementalist began the quest for
                  | the Orb.
     0 | D:1      | Reached XP level 1. HP: 10/10 MP: 6/6
   679 | D:2      | Found Weil's Book Boutique.
   736 | D:2      | Found a faded altar of an unknown god.
   777 | D:2      | Reached XP level 2. HP: 15/15 MP: 2/8
   857 | D:2      | Reached skill level 4 in Fire Magic
  1206 | D:2      | You fall into a shaft and drop 1 floor!
  1297 | D:3      | Found an ornate altar of the Wu Jian Council.
  1443 | D:3      | Reached XP level 3. HP: 19/19 MP: 7/9
  1472 | D:3      | Learned a level 2 spell: Scorch
  1476 | D:3      | Learned a level 3 spell: Conjure Flame
  1537 | D:3      | Reached skill level 5 in Fire Magic
  1798 | D:3      | Reached XP level 4. HP: 24/24 MP: 8/10
  1827 | D:3      | Killed from afar by an orc wizard

Illustrated notes

Levels and vault maps discovered:
D:1:      dpeg_arrival_lava_temple_mockup, layout_basic
D:2:      layout_loops_ring, shapermc_ecumenical_altar_starsandcircs,
          serial_shops, nicolae_shop_window_shopping
D:3:      layout_loops_ring, pdpol_wu_jian_five_deadly_venoms, corexii_shack,
          uniq_crazy_yiuf_cottage

Skill      XL: |  1  2  3 |
---------------+----------+-----
Fire Magic     | 4 5 |  5.4
Dodging        | |  2.4
Stealth        | |  2.4
Spellcasting   | |  3.0
Conjurations   | |  1.1

Action                   |  1- 3 |  4- 6 || total
-------------------------+-------+-------++-------
 Cast: Foxfire           |    51 |     4 ||    55
Armor: Robe              |     2 |       ||     2
Dodge: Dodged            |     8 |       ||     8
